 Dungeon Crawl Stone Soup version 0.19.5 (webtiles) character file.

6187 tidbits the Hasty (level 10, -4/73 HPs)
             Began as a High Elf Wanderer on Oct 28, 2017.
             Was a Priest of Cheibriados (penitent).
             Slain by a gargoyle
             ... wielding a +0 flail
              (19 damage)
             ... on level 11 of the Dungeon on Oct 29, 2017.
             The game lasted 00:44:04 (3554 turns).

tidbits the Hasty (High Elf Wanderer)               Turns: 3554, Time: 00:44:04

Health: -4/73      AC: 12    Str: 17    XL:     10   Next: 60%
Magic:  26/27      EV: 15    Int: 19    God:    Cheibriados [*]
Gold:   401        SH:  7    Dex: 17    Spells: 0 memorised, 9 levels left

rFire  . . .     SeeInvis +     a - +0 long sword
rCold  . . .     Gourm    .     B - +0 ring mail
rNeg   . . .     Faith    .     D - +2 buckler of Noruenn {*Contam rCorr SInv}
rPois  .         Spirit   .     E - +1 helmet
rElec  .         Reflect  .     C - +0 cloak
rCorr  +         Harm     .     G - +1 pair of gloves
MR     +....                    F - +0 pair of boots
Stlth  ++........               (no amulet)
                                V - +2 ring of intelligence
                                c - ring of magical power

@: mighty, exhausted, slowed, very slow
A: no striking features
a: Renounce Religion


You were on level 11 of the Dungeon.
You worshipped Cheibriados.
Cheibriados was demanding penance.
You were hungry.

You visited 1 branch of the dungeon, and saw 11 of its levels.

You collected 401 gold pieces.

Inventory:

Hand Weapons
 a - a +0 long sword (weapon)
   (You found it on level 7 of the Dungeon)
 b - a +2 hand crossbow
 d - a +0 trident of protection
   (You took it off an orc on level 4 of the Dungeon)
 j - a +0 blowgun
   (You took it off a kobold on level 11 of the Dungeon)
 H - a +0 hunting sling
   (You took it off a goblin on level 3 of the Dungeon)
 Q - a +0 scythe
   (You took it off Sigmund on level 5 of the Dungeon)
 R - a +0 flail of draining
   (You found it on level 10 of the Dungeon)
 X - a +0 shortbow
   (You took it off a centaur on level 7 of the Dungeon)
 Z - a +2 trident of freezing
   (You took it off Robin on level 3 of the Dungeon)
Missiles
 e - 90 bolts
 h - 16 poisoned needles
 k - 92 stones (quivered)
 l - 106 arrows
Armour
 z - a cursed +0 chain mail
   (You found it on level 4 of the Dungeon)
 B - a +0 ring mail (worn)
 C - a +0 cloak (worn)
   (You took it off Crazy Yiuf on level 2 of the Dungeon)
 D - the +2 buckler of Noruenn (worn) {*Contam rCorr SInv}
   (You found it on level 10 of the Dungeon)

   It lets you see invisible.
   It causes magical contamination when unequipped.
   It protects you from acid and corrosion.
 E - a +1 helmet (worn)
   (You took it off Robin on level 3 of the Dungeon)
 F - a +0 pair of boots (worn)
   (You found it on level 1 of the Dungeon)
 G - a +1 pair of gloves (worn)
   (You found it on level 5 of the Dungeon)
Jewellery
 c - a ring of magical power (left hand)
   (You found it on level 1 of the Dungeon)
 N - an uncursed ring of ice
   (You found it on level 5 of the Dungeon)
 V - a +2 ring of intelligence (right hand)
   (You found it on level 5 of the Dungeon)
Wands
 n - a wand of polymorph (9/24)
   (You found it on level 8 of the Dungeon)
 J - a wand of lightning (0/15)
   (You found it on level 4 of the Dungeon)
 W - a wand of enslavement (0/24)
   (You found it on level 7 of the Dungeon)
Scrolls
 g - a scroll of noise {unknown}
 o - a scroll of blinking {unknown}
 s - a scroll of fear {unknown}
 t - 4 scrolls of remove curse {unknown}
 u - 4 scrolls of enchant armour
 y - a scroll of magic mapping
 M - a scroll of recharging
 Y - a scroll of immolation {unknown}
Potions
 r - a potion of cancellation
 v - 2 potions of cure mutation
 w - a potion of flight {unknown}
 x - 2 potions of berserk rage
 A - a potion of lignification
 K - a potion of mutation {unknown}
 L - 2 potions of brilliance
 O - a potion of magic {unknown}
 U - a potion of degeneration {unknown}
Books
 i - a book of Ice
   (You found it on level 10 of the Dungeon)

   Spells                             Type                      Level
   a - Ice Form                       Ice/Transmutation            4
   b - Metabolic Englaciation         Hexes/Ice                    5
   c - Ozocubu's Refrigeration        Ice                          6
   d - Bolt of Cold                   Conjuration/Ice              6
   e - Freezing Cloud                 Conjuration/Ice/Air          6
   f - Simulacrum                     Ice/Necromancy               6
Comestibles
 f - 9 bread rations
 p - 2 slices of pizza
 P - 2 meat rations
 S - 2 beef jerkies


   Skills:
 - Level 8.4 Fighting
 + Level 6.3 Long Blades
 - Level 1.0 Crossbows
 - Level 1.0 Throwing
 - Level 2.6 Armour
 - Level 7.0 Dodging
 - Level 3.2 Stealth
 - Level 4.0 Shields
 - Level 10.3 Invocations
 - Level 4.2 Evocations


You had 9 spell levels left.
You didn't know any spells.

Dungeon Overview and Level Annotations

Branches:
Dungeon (11/15)            Temple (0/1) D:7             Orc (0/2) D:9
   Lair: D:8-11

Altars:
Cheibriados
Kikubaaqudgha
Makhleb
Nemelex Xobeh
Vehumet

Shops:
D:9 *

Annotations:
D:8 exclusion: killer bee, Psyche
D:11 exclusion: oklob plant, Nergalle


Message History

Press: ? - help, Shift-Dir - straight line, f - bullfrog, p - wraith
Aim: a bullfrog (slow, chance to defeat MR: 54%)
The bullfrog resists with significant effort.
This wand has 0 charges left.
The bullfrog closely misses you.
You hit the wraith.
The wraith is heavily damaged.
You block the wraith's attack. The bullfrog hits you.
* * * LOW HITPOINT WARNING * * *
A red film seems to cover your vision as you go berserk!
Cheibriados thinks you should slow down.
You feel very guilty.
Cheibriados lowers the support of your attributes as your movement quickens. "You will pay for your transgression, mortal!"
Cheibriados forces you to slow down.
You feel mighty! The bullfrog misses you.
You riposte.
You slash the bullfrog!
The bullfrog is heavily wounded.
The wraith completely misses you.
You closely miss the wraith.
The wraith is heavily damaged.
You block the bullfrog's attack.
You hit the wraith.
The wraith is severely damaged.
The wraith hits you but does no damage.
The bullfrog hits you but does no damage.
You closely miss the wraith.
The wraith is severely damaged.
The bullfrog hits you.
* * * LOW HITPOINT WARNING * * *
The wraith barely misses you.
You closely miss the wraith.
The wraith is severely damaged.
The bullfrog hits you but does no damage.
You completely miss the wraith.
The wraith is severely damaged.
You block the bullfrog's attack. The wraith misses you.
You riposte.
You hit the wraith but do no damage.
The wraith is severely damaged.
You slash the wraith!
The wraith is almost destroyed.
The bullfrog misses you. The wraith hits you but does no damage.
You hit the wraith but do no damage.
The wraith is almost destroyed.
The bullfrog barely misses you. The bullfrog closely misses you.
You hit the wraith.
You destroy the wraith!
Cheibriados appreciates the change of pace.
Your Long Blades skill increases to level 6!
The bullfrog hits you but does no damage.
You slash the bullfrog!
You kill the bullfrog!
Cheibriados appreciates the change of pace.
You hit the gargoyle but do no damage. You block the gargoyle's attack.
You slash the gargoyle!
The gargoyle is heavily damaged.
The gargoyle barely misses you.
You riposte.
You barely miss the gargoyle.
The gargoyle is heavily damaged.
You barely miss the gargoyle.
The gargoyle is heavily damaged.
The gargoyle hits you with a flail.
* * * LOW HITPOINT WARNING * * *
You hit the gargoyle but do no damage.
The gargoyle is heavily damaged.
You are no longer berserk.
You are exhausted.
You feel yourself slow down.
The gargoyle hits you but does no damage.
Unknown command.
Okay, then.
Okay, then.
Okay, then.
You feel better. The gargoyle hits you with a flail.
* * * LOW HITPOINT WARNING * * *
Evoke which item? (* to show all) (? for menu, Esc to quit)
Okay, then.
Unknown command.
Okay, then.
Unknown command.
You hit the gargoyle.
The gargoyle is heavily damaged.
The gargoyle closely misses you.
You hit the gargoyle but do no damage.
The gargoyle is heavily damaged.
The gargoyle closely misses you.
You riposte.
You closely miss the gargoyle.
The gargoyle is heavily damaged.
The gargoyle hits you with a flail!!
* * * LOW HITPOINT WARNING * * *
You feel better.
The gargoyle hurls a stone arrow at you.
The stone arrow misses you.
It was a potion of might.
You feel very mighty all of a sudden.
The gargoyle hurls a stone arrow at you.
The stone arrow misses you.
You hit the gargoyle but do no damage.
The gargoyle is heavily damaged.
The gargoyle barely misses you.
You riposte.
You hit the gargoyle but do no damage.
The gargoyle is heavily damaged.
The gargoyle hits you with a flail!!
You die...

#..#####.. #. #.........
#.. .... #......... #..
..... #......... #.######
..... #......... #.......
......#......... #.......
......#.(....... #.......
......#9##9..... #.......
.......[@#########.......
.......))................
.........................
.........................
W....###..####...........
..... #..# #......#####
..... #..# #......# ....
#..# #......# ##. #..#
#......#


You could see a gargoyle.

Vanquished Creatures
  A manticore (D:11)
  3 trolls
  A two-headed ogre (D:10)
  2 hippogriffs (D:8)
  Sigmund (D:5)
  4 yaks (D:11)
  2 wraiths
  Menkaure (D:5)
  A water moccasin (D:10)
  A necrophage (D:7)
  3 orc warriors
  2 phantoms
  A sky beast (D:10)
  A black bear (D:10)
  2 ice beasts
  4 ogres
  A centaur (D:7)
  2 big kobolds (D:11)
  3 bullfrogs
  2 wyvern skeletons
  A scorpion (D:6)
  3 killer bees (D:10)
  An electric eel (D:10)
  3 howler monkeys
  The ghost of tidbits the Twirler, a weakling HEWn (D:4)
  A centaur zombie (D:5)
  A crimson imp (D:5)
  Crazy Yiuf (D:2)
  2 orc priests
  4 hounds
  3 jellies
  A centaur skeleton (D:10)
  3 iguanas
  4 orc wizards
  7 worker ants
  A hound zombie (D:8)
  Robin (D:3)
  9 adders
  An ooze (D:5)
  2 worms
  3 leopard geckos
  21 orcs
  2 ball pythons
  2 giant cockroaches
  10 goblins
  10 hobgoblins
  4 jackals
  5 quokkas
  7 bats
  A frilled lizard (D:1)
  11 kobolds
  A rat (D:2)
165 creatures vanquished.

Vanquished Creatures (collateral kills)
  A centaur zombie (D:10)
  A killer bee (D:10)
  A hound skeleton (D:10)
  2 orcs (D:10)
  A kobold (D:10)
6 creatures vanquished.

Vanquished Creatures (others)
  A hound (D:10)
1 creature vanquished.

Grand Total: 172 creatures vanquished

Notes
Turn   | Place    | Note
-------+----------+-------------------------------------------
     0 | D:1      | tidbits the High Elf Wanderer began the quest for the Orb.
     0 | D:1      | tidbits set off with: a +2 hand crossbow, 24 bolts, a +0 ring mail, a scroll of teleportation, a +0 dagger, a bread ration
     0 | D:1      | Reached XP level 1. HP: 18/18 MP: 2/2
    69 | D:1      | Reached skill level 1 in Dodging
   119 | D:1      | Reached XP level 2. HP: 24/24 MP: 3/3
   297 | D:2      | Reached XP level 3. HP: 29/29 MP: 4/4
   308 | D:2      | Reached skill level 2 in Dodging
   468 | D:2      | Found a runed door.
   472 | D:2      | Noticed Crazy Yiuf
   481 | D:2      | Killed Crazy Yiuf
   481 | D:2      | Reached XP level 4. HP: 19/36 MP: 5/5
   535 | D:2      | Found a snail-covered altar of Cheibriados.
   543 | D:2      | Became a worshipper of Cheibriados the Contemplative
   558 | D:2      | Found a faded altar of an unknown god.
   569 | D:2      | Reached skill level 3 in Dodging
   599 | D:2      | Reached skill level 6 in Fighting
   694 | D:4      | Reached XP level 5. HP: 36/41 MP: 6/6
   703 | D:4      | Noticed a phantom
   723 | D:4      | Killed a phantom
   723 | D:4      | Reached skill level 4 in Dodging
   831 | D:4      | Noticed tidbits's ghost (weakling HEWn)
   836 | D:4      | Killed tidbits's ghost
   836 | D:4      | Reached XP level 6. HP: 45/47 MP: 7/7
   887 | D:3      | Noticed Robin
   905 | D:3      | Killed Robin
   911 | D:3      | Reached * piety under Cheibriados
  1012 | D:5      | Entered Level 5 of the Dungeon
  1033 | D:5      | Reached skill level 5 in Dodging
  1040 | D:5      | Reached skill level 7 in Fighting
  1075 | D:5      | Noticed Menkaure
  1109 | D:5      | Killed Menkaure
  1109 | D:5      | Reached skill level 1 in Invocations
  1109 | D:5      | Reached XP level 7. HP: 47/54 MP: 9/9
  1190 | D:5      | Reached skill level 2 in Invocations
  1236 | D:5      | Noticed Sigmund
  1248 | D:5      | Killed Sigmund
  1300 | D:5      | Reached skill level 6 in Dodging
  1325 | D:5      | Found a sparkling altar of Nemelex Xobeh.
  1342 | D:5      | Reached skill level 1 in Armour
  1365 | D:5      | Reached skill level 2 in Armour
  1419 | D:5      | Reached ** piety under Cheibriados
  1425 | D:5      | Reached XP level 8. HP: 50/61 MP: 11/11
  1496 | D:6      | Found a burning altar of Makhleb.
  1550 | D:5      | Reached skill level 8 in Fighting
  1643 | D:6      | Found a sparkling altar of Nemelex Xobeh.
  1687 | D:7      | Found a staircase to the Ecumenical Temple.
  1721 | D:7      | Reached skill level 7 in Dodging
  1721 | D:7      | Reached skill level 3 in Invocations
  1752 | D:7      | HP: 6/62 [wyvern skeleton (12)]
  1890 | D:6      | Reached skill level 1 in Evocations
  1895 | D:6      | Reached skill level 4 in Invocations
  1900 | D:6      | Reached *** piety under Cheibriados
  1991 | D:6      | Reached skill level 2 in Evocations
  2027 | D:6      | Reached skill level 5 in Invocations
  2095 | D:7      | Reached skill level 3 in Evocations
  2149 | D:8      | Noticed Psyche
  2149 | D:8      | Noticed a hippogriff
  2155 | D:7      | Reached XP level 9. HP: 67/67 MP: 14/14
  2285 | D:8      | Reached skill level 6 in Invocations
  2285 | D:8      | Reached skill level 4 in Evocations
  2561 | D:8      | Found a radiant altar of Vehumet.
  2605 | D:9      | Found Komaz's General Store.
  2633 | D:9      | Noticed a troll
  2636 | D:9      | Reached skill level 7 in Invocations
  2653 | D:9      | Killed a troll
  2669 | D:9      | Found an ancient bone altar of Kikubaaqudgha.
  2704 | D:9      | Found a staircase to the Orcish Mines.
  2747 | D:10     | Entered Level 10 of the Dungeon
  2754 | D:10     | Reached skill level 8 in Invocations
  2760 | D:10     | Reached **** piety under Cheibriados
  2785 | D:10     | Noticed a hill giant
  2894 | D:10     | Reached skill level 9 in Invocations
  2976 | D:10     | Reached skill level 10 in Invocations
  3007 | D:10     | Reached XP level 10. HP: 19/73 MP: 18/18
  3043 | D:10     | Got a slimy buckler
  3049 | D:10     | Identified the +2 buckler of Noruenn {*Contam rCorr SInv} (You found it on level 10 of the Dungeon)
  3074 | D:10     | Reached skill level 1 in Long Blades
  3079 | D:10     | Reached skill level 1 in Shields
  3185 | D:11     | Reached skill level 2 in Long Blades
  3266 | D:11     | Reached skill level 2 in Shields
  3267 | D:11     | Reached skill level 3 in Long Blades
  3291 | D:11     | Reached skill level 4 in Long Blades
  3291 | D:11     | Reached skill level 3 in Shields
  3294 | D:11     | Noticed a manticore
  3320 | D:11     | Killed a manticore
  3336 | D:11     | Noticed Nergalle
  3356 | D:11     | Noticed an oklob plant
  3436 | D:11     | Reached skill level 5 in Long Blades
  3480 | D:11     | Noticed a gargoyle
  3500 | D:11     | Reached skill level 4 in Shields
  3535 | D:11     | Was placed under penance by Cheibriados
  3543 | D:11     | Reached skill level 6 in Long Blades
  3551 | D:11     | HP: 4/73 [gargoyle/flail (18)]
  3554 | D:11     | Slain by a gargoyle

Skill      XL: |  1  2  3  4  5  6  7  8  9 10 |
---------------+-------------------------------+-----
Dodging        | 1 2 3 4 5 6 7 |  7.0
Fighting       | 6 7 8 |  8.4
Invocations    | 1 2 5 10 | 10.3
Armour         | 2 |  2.6
Evocations     | 3 4 |  4.2
Long Blades    | 6 |  6.3
Shields        | 4 |  4.0
Crossbows      | |  1.0
Throwing       | |  1.0
Stealth        | |  3.2

Action                   |  1- 3 |  4- 6 |  7- 9 | 10-12 || total
-------------------------+-------+-------+-------+-------++-------
Melee: Short sword       |       |     3 |       |       ||     3
       Trident           |       |    16 |   256 |    25 ||   297
       Long sword        |       |       |       |    85 ||    85
 Fire: Hand crossbow     |    62 |    92 |   102 |    22 ||   278
Invok: Bend Time         |       |       |     5 |    12 ||    17
       Slouch            |       |       |       |     1 ||     1
Evoke: Wand              |       |       |    10 |    18 ||    28
  Use: Potion            |     1 |       |     2 |     6 ||     9
       Scroll            |       |     7 |     6 |     1 ||    14
 Stab: Distracted        |       |       |     4 |       ||     4
       Sleeping          |       |       |     3 |       ||     3
  Eat: Chunk             |       |       |     4 |       ||     4
       Royal jelly       |       |       |       |     1 ||     1
Armor: Ring mail         |    10 |    43 |   141 |    52 ||   246
Dodge: Dodged            |    18 |   102 |   356 |   150 ||   626
Block: Buckler           |       |       |       |    68 ||    68
       Rpst.: Long sword |       |       |       |    28 ||    28

Table legend:
 A = Turns spent in this place as a percentage of turns spent in the entire game.
 B = Non-inter-level travel turns spent in this place as a percentage of non-inter-level travel turns spent in the entire game.
 C = Inter-level travel turns spent in this place as a percentage of turns spent in this place.
 D = Turns resting spent in this place as a percentage of non-inter-level travel turns spent in this place.
 E = Turns spent auto-exploring this place as a percentage of non-inter-level travel turns spent in this place.
 F = Non-inter-level travel turns spent in this place divided by the number of levels of this place that you've seen.
                   A       B       C       D       E      F
               +-------+-------+-------+-------+-------+----------------------
         Total | 100.0 | 100.0 |   0.1 |   0.1 |   0.0 | 310.7
       Dungeon | 100.0 | 100.0 |   0.1 |   0.1 |   0.0 | 310.7
               +-------+-------+-------+-------+-------+----------------------

Table legend:
 A = Kills in this place as a percentage of kills in entire the game.
 B = Kills by you in this place as a percentage of kills by you in the entire game.
 C = Kills by friends in this place as a percentage of kills by friends in the entire game.
 D = Other kills in this place as a percentage of other kills in the entire game.
 E = Experience gained in this place as a percentage of experience gained in the entire game.
 F = Experience gained in this place divided by the number of levels of this place that you have seen.
                   A       B       C       D       E      F
               +-------+-------+-------+-------+-------+----------------------
         Total | 100.0 | 100.0 | 100.0 |  -nan | 100.0 | 803.5
       Dungeon | 100.0 | 100.0 | 100.0 |  -nan | 100.0 | 803.5
               +-------+-------+-------+-------+-------+----------------------

Vault maps used:
D:1:      minmay_arrival_loop, minmay_crystal_water
D:2:      cheibrodos_helix_gallery, cheibriados_altar_1, ecumenical_altar_2,
          uniq_crazy_yiuf_cottage
D:3:      first_bread, uniq_robin
D:5:      nemelex_dance_club_becter, uniq_menkaure, uniq_pikel, uniq_sigmund
D:6:      kennysheep_orc_sif_temple, nemelex_altar_shiori, basic_altar
D:7:      minmay_temple_entry_hall, serial_park_tiny_1
D:8:      nicolae_overflow_hidden_temple, amethyst_overflow_temple_binary,
          david_nohive_1, uniq_psyche, uniq_joseph
D:9:      kiku_gazebo_garden_becter, orc_0_dummy, serial_shops, shop, shop,
          shop, nicolae_shop_trees, minmay_holes
D:10:     special_room, kennysheep_generic_room_6
D:11:     dpeg_oklobed_lair, uniq_nergalle
